 Seeded DCSS version 0.31.0-11-ge490571c62 (webtiles) character file.

Game seed: 3 (custom seed)

229 Kazon the Trooper (level 6, 0/32 HPs)
             Began as a Vine Stalker Fighter on Feb 6, 2024.
             Killed by divine providence
             ... invoked by an orc priest
              (8 damage)
             ... on level 5 of the Dungeon.
             The game lasted 00:06:55 (1556 turns).

Kazon the Trooper (Vine Stalker Fighter)            Turns: 1556, Time: 00:06:56

Health: 0/32       AC:  9    Str: 24    XL:     6   Next: 3%
Magic:  0/7        EV: 10    Int:  8    God:
Gold:   78         SH:  4    Dex: 13    Spells: 5/5 levels left

rFire   + . .        e - +1 short sword (venom)
rCold   . . .        c - +0 buckler
rNeg    . . .        b - +0 scale mail
rPois   .            k - +2 hat of Charity {rF+ Str+3}
rElec   .            (no cloak)
rCorr   .            f - +0 pair of gloves
SInv    .            (no boots)
Will    .....        (no amulet)
Stlth   +            (no ring)
HPRegen 1.05/turn    (no ring)
MPRegen 0.10/turn

%: guardian spirit
@: no status effects
A: fangs 2, regeneration 1, magic shield, antimagic bite, no potion heal 2
a: no special abilities


You were on level 5 of the Dungeon.
You visited 1 branch of the dungeon, and saw 4 of its levels.

You collected 78 gold pieces.

Inventory:

Hand Weapons
 a - a +0 long sword
 e - a +1 short sword of venom (weapon)
 n - a +3 dagger
Missiles
 h - 8 stones (quivered)
Armour
 b - a +0 scale mail (worn)
 c - a +0 buckler (worn)
 f - a +0 pair of gloves (worn)
 k - the +2 hat of Charity (worn) {rF+ Str+3}
   (You acquired it on level 2 of the Dungeon)

   Str+3:     It affects your strength (+3).
   rF+:       It protects you from fire.
Talismans
 g - a beast talisman
Scrolls
 i - a scroll of fog
 j - a scroll of enchant armour
 l - a scroll of identify
Potions
 d - a potion of might


   Skills:
 + Level 3.0 Fighting
 + Level 0.9(2.0) Short Blades
 + Level 2.7(2.8) Long Blades
 * Level 1.2 Throwing
 + Level 3.0 Armour
 * Level 1.3 Dodging
 * Level 2.3 Stealth
 + Level 2.9 Shields
 * Level 1.6 Shapeshifting


You had 5 spell levels left.
You didn't know any spells.
Your spell library contained the following spells:

 Spells                   Type           Power      Damage    Failure   Level
 Fugue of the Fallen      Necr           0%         N/A       98%         3
 Ozocubu's Armour         Ice            0%         N/A       98%         3
 Manifold Assault         Tloc           0%         N/A       100%        4


Dungeon Overview and Level Annotations

Branches:
Dungeon (3/15)

Altars:


Innate Abilities, Weirdness & Mutations

You have extremely sharp teeth.
Your natural rate of healing is unusually fast.
When hurt, damage is shared between your health and your magic reserves.
Your bite disrupts and absorbs the magic of your enemies.
Potions cannot restore your health.


Message History

You miss something. Your bite misses something.
The orc priest looks satisfied for a moment.
Something hits you but does no damage.
Unknown command.
Okay, then.
Unknown command.
As you read the scroll of noise, it crumbles to dust.
You hear a loud clanging noise!
You hear a shout!
You hear a bark!
You hear a shout!
Something hits you but does no damage.
You closely miss something. Something hits you.
* * * LOW HITPOINT WARNING * * *
You barely miss something. Your bite misses something.
Something hits you but does no damage.
You hit something but do no damage. Your bite misses something.
You barely miss something. Your bite misses something.
The orc priest calls down the wrath of Beogh upon you.
Something writhes in agony!
Reactivating autopickup.
You feel a bit more experienced.
You completely miss the adder. The adder bites you.
* * * LOW HITPOINT WARNING * * *
You completely miss the adder. You bite the adder! You drain its power.
You feel invigorated.
The adder is severely wounded.
You block the adder's attack.
You closely miss the adder. Your bite misses the adder.
The adder is severely wounded.
You block the adder's attack.
You hit the adder.
You kill the adder!
You kill the orc!
The orc priest casts a cantrip, but nothing happens.
Your Armour skill increases to level 3!
You have reached level 6!
You hit the orc priest. You bite the orc priest! You drain its power.
The orc priest is severely wounded.
You block the orc priest's attack.
The orc priest invokes the aid of Beogh against you.
Beogh smites you!
You die...

#...###.)))...#
####......#####.#
............#
#.########
###########.#
#.........
.......)#
#.########
.#####..#####.#
#.$......#
#.#.##.### #.
.##@# .. ..#o# ..
..oo# .)o# ....#
###..# #..# #.##


You could see 2 orc priests and 2 orcs.

Vanquished Creatures
  A gnoll sergeant (D:5)
  A sleepcap (D:5)
  An orc wizard (D:5)
  4 gnolls (D:5)
  2 adders
  A dart slug (D:2)
  An orc (D:5)
  A ball python (D:1)
  4 endoplasms
  A giant cockroach (D:2)
  3 goblins
  5 hobgoblins (D:1)
  4 kobolds
  A quokka (D:1)
  3 bats
  3 frilled lizards
  4 rats
40 creatures vanquished.

Vanquished Creatures (others)
  An orc wizard (D:5)
1 creature vanquished.

Grand Total: 41 creatures vanquished

Notes
Turn   | Place    | Note
-------+----------+-------------------------------------------
     0 | D:1      | Kazon the Vine Stalker Fighter began the quest for the Orb.
     0 | D:1      | Reached XP level 1. HP: 11/11 MP: 2/2
   161 | D:1      | Reached XP level 2. HP: 16/16 MP: 3/3
   433 | D:1      | Found a faded altar of an unknown god.
   525 | D:1      | Reached skill level 1 in Stealth
   885 | D:2      | Reached XP level 3. HP: 19/19 MP: 4/4
  1113 | D:2      | Identified a scroll of acquirement
  1113 | D:2      | Acquired the +2 hat of Charity {rF+ Str+3}
  1471 | D:3      | You fall into a shaft and drop 2 floors!
  1471 | D:5      | Entered Level 5 of the Dungeon
  1475 | D:5      | Noticed a gnoll sergeant
  1491 | D:5      | Reached skill level 1 in Shapeshifting
  1491 | D:5      | Reached XP level 4. HP: 19/23 MP: 3/5
  1501 | D:5      | Killed a gnoll sergeant
  1502 | D:5      | Reached skill level 1 in Dodging
  1502 | D:5      | Reached XP level 5. HP: 18/28 MP: 2/6
  1534 | D:5      | Reached skill level 1 in Throwing
  1545 | D:5      | HP: 1/28 [orc priest/divine providence (6)]
  1556 | D:5      | Reached XP level 6. HP: 7/32 MP: 7/7
  1556 | D:5      | Killed from afar by an orc priest

Illustrated notes

Levels and vault maps discovered:
D:1:      psy_arrival_terrarium, layout_loops_corners,
          shapermc_ecumenical_altar_notcrosses, dreamdust_mushroom_princess
D:2:      layout_rooms, grunt_ministairs_3, kennysheep_cross_bottleneck,
          minmay_pentomino_x2
D:3:      layout_basic, portal_sewer_entry_d, uniq_sigmund
D:5:      layout_loops_ring, serial_library_hellmonk_junction, uniq_grinder,
          uniq_duvessa

Skill      XL: |  1  2  3  4  5 |
---------------+----------------+-----
Long Blades    | 2 |  2.7
Stealth        | 1 2 |  2.3
Shapeshifting  | 1 |  1.6
Dodging        | 1 |  1.3
Fighting       | 3 |  3.0
Throwing       | 1 |  1.2
Armour         | 3 |  3.0
Short Blades   | |  0.9
Shields        | |  2.9

Action                     |  1- 3 |  4- 6 || total
---------------------------+-------+-------++-------
  Melee: Long sword        |    80 |       ||    80
         Bite              |    21 |    11 ||    32
         Short sword       |    24 |    47 ||    71
  Throw: Stone             |     1 |     1 ||     2
    Use: Potion            |     2 |       ||     2
         Scroll            |     4 |     1 ||     5
 Armour: Scale mail        |    67 |    29 ||    96
  Dodge: Dodged            |    51 |    11 ||    62
  Block: Buckler           |    18 |    12 ||    30
